AoeStats
← cmd

Nomad

509681734Analyzed
3v3 RM · 4d ago on Sep 27, 2026· 54m 29s· 6 players
Game mode
Random Map
Map size
210×210
Population
200
Speed
Normal
Resources
Standard
Victory
Conquest
Starting age
Dark Age
Ending age
Imperial Age
RankedLock teamsTeams togetherTeam positionsShared explorationLock speedFull tech treeHidden civsTurbo modeCheats
Victory
Defeat
🇹🇼 Chinese · Taiwan
987
+14
🇲🇽 Malay · Mexico
953
+15
🇩🇪 Vietnamese · Germany
937
+16
🇩🇪 Dravidians · Germany
979
-16
🇩🇪 Japanese · Germany
939
-15
🇩🇪 Franks · Germany
907
-14
LeitW0LF
6:26 Loom
15:38 Feudal Age
17:52 Horse Collar
17:58 Double-Bit Axe
22:27 Wheelbarrow
26:56 Castle Age
25:18 Gold Mining
25:41 Fletching
26:07 Stone Mining
26:52 Forging
27:33 Scale Mail Armor
27:35 Padded Archer Armor
27:48 Crossbowman
27:53 Pikeman
29:15 Squires
29:38 Heavy Plow
30:06 Bodkin Arrow
30:05 Arson
32:48 Iron Casting
32:42 Leather Archer Armor
33:20 Bow Saw
35:07 Thumb Ring
36:39 Hand Cart
40:41 Imperial Age
38:38 Ballistics
38:30 Masonry
38:01 Treadmill Crane
39:02 Stone Shaft Mining
39:02 Chain Mail Armor
38:14 Elite Skirmisher
39:39 Scale Barding Armor
41:37 Bracer
42:44 Halberdier
42:57 Elite Rattan Archer
44:14 Hoardings
44:15 Ring Archer Armor
45:20 Plate Mail Armor
45:37 Arbalester
48:22 Chemistry
48:00 Paper Money
Mr.Mictlan.
4:02 Loom
16:18 Feudal Age
17:03 Wheelbarrow
16:10 Fishing Lines
16:31 Double-Bit Axe
25:51 Arson
26:42 Gold Mining
26:46 Stone Mining
29:05 Castle Age
27:44 Forging
27:24 Fletching
29:41 Medium Warships
29:21 Gillnets
29:46 Bow Saw
30:43 Squires
30:03 Man-at-Arms
31:21 Pikeman
32:38 Iron Casting
31:58 Bodkin Arrow
33:17 Thalassocracy
34:18 Gold Shaft Mining
34:09 Hand Cart
42:05 Imperial Age
41:53 Conscription
43:00 Blast Furnace
43:04 Halberdier
43:13 Capped Ram
49:00 Long Swordsman
50:34 Heavy Warships
49:57 Elite Karambit Warrior
50:41 Forced Levy
52:23 Two-Handed Swordsman
54:39 Town Watch
jeffhou47
17:31 Feudal Age
17:34 Man-at-Arms
22:30 Gold Mining
23:36 Double-Bit Axe
27:31 Padded Archer Armor
27:21 Fletching
30:42 Castle Age
28:48 Fishing Lines
29:32 Scale Mail Armor
31:09 Scale Barding Armor
33:00 Pikeman
33:01 Crossbowman
34:25 Fortified Wall
34:11 Murder Holes
37:37 Imperial Age
36:34 Bodkin Arrow
38:54 Bow Saw
39:41 Stone Mining
41:44 Chemistry
41:04 Ballistics
42:10 Gillnets
43:07 Halberdier
43:15 Arbalester
46:21 Wheelbarrow
47:45 Leather Archer Armor
47:30 Bracer
49:15 Long Swordsman
49:56 Squires
50:40 Hand Cart
52:25 Chain Mail Armor
52:41 Ring Archer Armor
53:49 Thumb Ring
helo
15:03 Feudal Age
17:22 Double-Bit Axe
20:55 Wheelbarrow
23:41 Castle Age
23:34 Wheelbarrow
25:05 Fishing Lines
26:29 Medium Warships
27:33 Bow Saw
27:56 Fletching
28:37 Gillnets
29:50 Bodkin Arrow
30:22 Gold Mining
31:28 Hand Cart
41:48 Imperial Age
39:46 Careening
39:46 Clinker Construction
39:41 Padded Archer Armor
39:56 Crossbowman
44:42 Bracer
46:37 Ballistics
47:18 Chemistry
47:26 Heavy Warships
47:52 Arbalester
48:37 Thumb Ring
52:05 Arrowslits
52:06 Elite Skirmisher
cmd
13:36 Loom
15:21 Feudal Age
17:30 Double-Bit Axe
19:49 Castle Age
21:40 Bow Saw
23:48 Fishing Lines
25:07 Stone Mining
25:58 Husbandry
27:16 Gold Mining
27:49 Gillnets
28:12 Scale Barding Armor
29:14 Gold Shaft Mining
30:01 Wheelbarrow
31:28 Chain Barding Armor
36:41 Imperial Age
35:11 Ordonnance Companies
36:22 Forging
39:37 Plate Barding Armor
39:38 Iron Casting
38:26 Cavalier
41:24 Paladin
46:19 Blast Furnace
45:34 Caravan
52:13 Fletching
52:24 Padded Archer Armor
52:01 Elite Skirmisher
noname
12:11 Loom
16:32 Feudal Age
17:18 Horse Collar
17:26 Double-Bit Axe
17:36 Fishing Lines
19:14 Wheelbarrow
19:43 Gold Mining
22:16 Castle Age
21:02 Fletching
21:12 Padded Archer Armor
23:35 Husbandry
23:53 Bow Saw
24:44 Thumb Ring
24:37 Bodkin Arrow
24:57 Leather Archer Armor
24:50 Stone Mining
24:50 Town Watch
25:51 Heavy Plow
26:15 Ballistics
26:23 Gillnets
30:31 Hand Cart
35:30 Imperial Age
34:12 Medical Corps
38:59 Two-Man Saw
38:36 Elite Elephant Archer
46:03 Bracer
46:33 Ring Archer Armor
46:10 Scale Barding Armor
46:16 Forging
48:22 Elite Skirmisher
Connection lost

Rejoining the realm…

Still unreachable

The connection could not be restored.

Session expired

The server has moved on; the page needs a fresh start.